[Event "*** Titled Tuesday 3|2 Blitz"]
[Site "Chess.com"]
[Date "2015.05.05"]
[Round "7"]
[White "DanielRensch"]
[Black "igorkovalenko"]
[Result "0-1"]
[WhiteElo "2282"]
[BlackElo "2498"]
[TimeControl "180+2"]
[EndTime "12:29:02 PDT"]
[Termination "igorkovalenko won by resignation"]

1. d4 d5 2. Nc3 e6 3. Bf4 Bb4 4. e3 Ne7 5. Nf3 c5 6. a3 Bxc3+ 7. bxc3 Qa5 8. Qd2 Nbc6 9. c4 Qxd2+ 10. Kxd2 cxd4 11.
exd4 dxc4 12. Bxc4 O-O 13. Rab1 b6 14. Ne5 Nxd4 15.
Bd3 Bb7 16. a4 Ndc6 17. Nxc6 Nxc6 18. Be4 Rfd8+ 19. Ke3 Na5 20. Bd3 Rac8 21. Rb4 Nc6 22. Rb2 Ne7 23. Be5 f6 24. Bg3 Bxg2 25. Rg1 Bh3 26. a5 Bf5 27. axb6 axb6 28. Ra1 Bxd3 29. cxd3 Nd5+ 30. Kf3 Rd7 0-1

[Event "*** Titled Tuesday 3|2 Blitz"]
[Site "Chess.com"]
[Date "2015.05.05"]
[Round "7"]
[White "Kacparov"]
[Black "AlexanderL"]
[Result "1-0"]
[WhiteElo "2473"]
[BlackElo "2531"]
[TimeControl "180+2"]
[EndTime "12:29:12 PDT"]
[Termination "Kacparov won by resignation"]

1. e4 e6 2. d4 d5 3. Nd2 c5 4. exd5 Qxd5 5. Ngf3 cxd4 6. Bc4 Qd6 7. O-O Nf6 8. Nb3 Nc6 9. Nbxd4 Nxd4 10. Nxd4 a6 11.
c3 Qc7 12. Bb3 Bd6 13. h3 O-O 14. Bg5 Ne4 15. Be3 e5 16. Nf3 Nc5 17. Bc2 Re8 18.
Ng5 h6 19. Ne4 Nxe4 20. Bxe4 Be6 21. Qf3 Bc5 22. Bxc5 Qxc5 23. Bxb7 Rab8 24. b4 Qc4 25.
Be4 Rbc8 26. a4 Qxc3 27. Qxc3 Rxc3 28. b5 a5 29. Rfc1 Rec8 30. Rxc3 Rxc3 31. Rb1 Rc8 32. b6 f5 33. b7 Rb8 34. Bc6 Kf8 35. Rb5 Ke7 36.
Rxa5 Kd6 37. Ra8 Kc7 38. a5 1-0

[Event "*** Titled Tuesday 3|2 Blitz"]
[Site "Chess.com"]
[Date "2015.05.05"]
[Round "7"]
[White "Enozen"]
[Black "jlandaw"]
[Result "1-0"]
[WhiteElo "2495"]
[BlackElo "2375"]
[TimeControl "180+2"]
[EndTime "12:29:37 PDT"]
[Termination "Enozen won by checkmate"]

1. d4 Nf6 2. Bg5 Ne4 3. h4 c5 4.
d5 b5 5. Nd2 Qa5 6. c3 Nxg5 7.
hxg5 d6 8. e4 g6 9. Ngf3 Bg7 10.
a4 b4 11. Nc4 Qc7 12. cxb4 cxb4 13. Rc1 Nd7 14. e5 dxe5 15. d6 Qc6 16. dxe7 Kxe7 17. Be2 e4 18. Na5 Qe6 19. Nd4 Qa2 20. Ndc6+ Ke8 21.
Bc4 Qxb2 22. O-O h6 23. Qd5 Ne5 24. Qd8# 1-0

[Event "*** Titled Tuesday 3|2 Blitz"]
[Site "Chess.com"]
[Date "2015.05.05"]
[Round "7"]
[White "kesarev"]
[Black "brauliocuarta"]
[Result "1-0"]
[WhiteElo "2178"]
[BlackElo "2056"]
[TimeControl "180+2"]
[EndTime "12:29:49 PDT"]
[Termination "kesarev won by resignation"]

1. Nf3 c5 2. c4 Nf6 3. g3 g6 4. Bg2 Bg7 5. O-O O-O 6. Nc3 Nc6 7. d3 d6 8. Rb1 h6 9. a3 Nd7 10. Bd2 Nde5 11. Ne1 Be6 12. b4 Qd7 13. b5 Nd4 14. e3 Nf5 15. f4 Nxc4 16. dxc4 Bxc4 17. Rf2 h5 18. Qf3 Rab8 19. a4 e6 20. Bf1 Bxf1 21. Rxf1 d5 22. Nd3 b6 23. Rbd1 Rfd8 24. Ne5 Bxe5 25.
fxe5 d4 26. Ne4 Kg7 27. exd4 Qxd4+ 28. Kh1 Qxe5 29. Bc3 Nd4 30. Qxf7+ Kh6 31. Bd2+ g5 1-0

[Event "*** Titled Tuesday 3|2 Blitz"]
[Site "Chess.com"]
[Date "2015.05.05"]
[Round "7"]
[White "Imre91"]
[Black "Hikaru"]
[Result "0-1"]
[WhiteElo "2572"]
[BlackElo "2829"]
[TimeControl "180+2"]
[EndTime "12:29:54 PDT"]
[Termination "Hikaru won by resignation"]

1. d4 g6 2. g3 Bg7 3. Bg2 d6 4. Nf3 Bd7 5. O-O Qc8 6. e4 Nc6 7. Re1 Bh3 8. Bh1 h5 9. e5 h4 10.
Bf4 hxg3 11. Bxg3 Bg4 12. Qd3 Nh6 13. exd6 cxd6 14. d5 Bxf3 15. Qxf3 Ne5 16. Qe2 Nf5 17. Nc3 Nxg3 18. hxg3 Kf8 19. Ne4 Ng4 20. Bf3 Ne5 21.
c3 Bf6 22. Bg2 Kg7 23. Rad1 Qf5 24. Rd4 Rh7 25. Nxf6 exf6 26. Rf4 Qd7 27. Re4 Rah8 28. f4 Ng4 29. Re7 Qc8 30. Rxf7+ Kxf7 31. Qe7+ Kg8 32. Qxd6 Rf7 33. Re7 Qf8 0-1

[Event "*** Titled Tuesday 3|2 Blitz"]
[Site "Chess.com"]
[Date "2015.05.05"]
[Round "7"]
[White "Recombinant"]
[Black "MrHenriksson"]
[Result "1/2-1/2"]
[WhiteElo "2131"]
[BlackElo "2012"]
[TimeControl "180+2"]
[EndTime "12:30:14 PDT"]
[Termination "Game drawn by agreement"]

1. d4 c6 2. c4 d5 3. Nf3 Nf6 4. Nc3 a6 5. cxd5 cxd5 6. Bf4 Nc6 7. e3 Bg4 8. Be2 e6 9. O-O Bd6 10. Ne5 Bxe2 11. Qxe2 Bxe5 12. Bxe5 Nxe5 13. dxe5 Nd7 14. f4 O-O 15. Rfd1 Rc8 16. e4 Qb6+ 17. Qf2 Qxf2+ 18.
Kxf2 Nb6 19. exd5 Nxd5 20. Nxd5 exd5 21. Rd2 Rfd8 22. Rad1 Kf8 23. Ke3 Rc5 24. a4 Ke7 25. b4 Rc4 26. Rd4 b5 27. Rxc4 dxc4 28. Rxd8 Kxd8 29.
axb5 axb5 30. g4 Ke7 31. Ke4 g6 32. h3 f6 33. exf6+ Kxf6 34. Kd4 Ke6 35. Ke4 Kd6 36. Kd4 h5 37. Ke4 hxg4 38. hxg4 Ke6 39. Kd4 Kf6 40. Ke4 1/2-1/2

[Event "*** Titled Tuesday 3|2 Blitz"]
[Site "Chess.com"]
[Date "2015.05.05"]
[Round "7"]
[White "Mvpag"]
[Black "AndrewMcStone"]
[Result "0-1"]
[WhiteElo "1931"]
[BlackElo "1997"]
[TimeControl "180+2"]
[EndTime "12:30:37 PDT"]
[Termination "AndrewMcStone won by resignation"]

1. d4 Nf6 2. Nf3 g6 3. e3 Bg7 4. Bd3 O-O 5. O-O d6 6. c3 Re8 7. e4 e5 8. Re1 c6 9. Bg5 Qc7 10.
Nbd2 Nbd7 11. Nc4 b5 12. Ne3 exd4 13. Nxd4 Nxe4 14. Bf4 Ndc5 15. Bc2 Bb7 16. h3 Rad8 17.
a4 a6 18. axb5 axb5 19. b4 Ne6 20. Nxe6 Rxe6 21. Ra7 Bxc3 22. Re2 Bxb4 23. Ng4 Nc3 24. Nh6+ Kf8 25. Qd4 Nxe2+ 0-1

[Event "*** Titled Tuesday 3|2 Blitz"]
[Site "Chess.com"]
[Date "2015.05.05"]
[Round "7"]
[White "Schemato"]
[Black "alturas_pacificas"]
[Result "0-1"]
[WhiteElo "2092"]
[BlackElo "2128"]
[TimeControl "180+2"]
[EndTime "12:30:41 PDT"]
[Termination "alturas_pacificas won by resignation"]

1. c4 g6 2. Nc3 Bg7 3. g3 e5 4. Bg2 f5 5. Nf3 Nc6 6. d3 d6 7. O-O Nf6 8. e4 Ne7 9. Nd5 c6 10.
Nxf6+ Bxf6 11. Bh6 Ng8 12. Be3 Bg7 13. Qd2 Nf6 14.
Nh4 f4 15. gxf4 Nxe4 16. dxe4 Qxh4 17. Qxd6 Bh3 18. f3 Rd8 19. Qc7 O-O 20. fxe5 Rd3 21. Bf2 Qg5 22. Bg3 Qe3+ 23. Bf2 Qg5 24. Bg3 Bxg2 25. Kxg2 h5 26. h4 Rd2+ 27. Rf2 Rxf2+ 28.
Kxf2 Qd2+ 29. Kg1 Rxf3 30. e6 Bd4+ 31. Kh1 Qe2 32. Qd8+ Kh7 33. Qe7+ Bg7 34. Rg1 Qxe4 35. Qg5 Rxg3+ 36. Kh2 Rxg5 0-1

[Event "*** Titled Tuesday 3|2 Blitz"]
[Site "Chess.com"]
[Date "2015.05.05"]
[Round "7"]
[White "AnthonyWirig"]
[Black "lukas_111111"]
[Result "1-0"]
[WhiteElo "2492"]
[BlackElo "2337"]
[TimeControl "180+2"]
[EndTime "12:30:43 PDT"]
[Termination "AnthonyWirig won by resignation"]

1. e4 c5 2. Nf3 d6 3. d4 cxd4 4. Nxd4 Nf6 5. Nc3 a6 6. f4 e5 7. Nf5 Nc6 8. Bc4 Be6 9. Bb3 Nd4 10. Nxd4 exd4 11. Qxd4 Rc8 12. Be3 Ng4 13. O-O-O Nxe3 14. Qxe3 Be7 15. Kb1 O-O 16. h4 Qa5 17. f5 Bxb3 18. axb3 Bf6 19. Nd5 Be5 20. Ne7+ Kh8 21. Nxc8 Rxc8 22.
Rd5 Qc7 23. Qd3 Qb6 24. Rf1 Qd8 25. g3 Qf6 26. c3 b5 27. b4 Rc4 28. Rd1 Rc6 29.
Rc5 Rxc5 30. bxc5 b4 31. cxd6 bxc3 32. d7 Qd8 33. Qc4 c2+ 34. Kxc2 Bc7 35. Qxf7 1-0

[Event "*** Titled Tuesday 3|2 Blitz"]
[Site "Chess.com"]
[Date "2015.05.05"]
[Round "7"]
[White "Tilicheev_Viacheslav"]
[Black "LyonBeast"]
[Result "1-0"]
[WhiteElo "2458"]
[BlackElo "2715"]
[TimeControl "180+2"]
[EndTime "12:30:56 PDT"]
[Termination "Tilicheev_Viacheslav won by resignation"]

1. e4 c5 2. Nf3 d6 3. d4 cxd4 4. Nxd4 Nf6 5. Nc3 a6 6. Bg5 e6 7. f4 Nc6 8. Nxc6 bxc6 9. e5 h6 10. Bh4 g5 11. fxg5 Nd5 12. Ne4 Qb6 13. c3 Rb8 14. g6 fxg6 15. Nf6+ Kf7 16. Nxd5 exd5 17. Qf3+ Kg8 18. Bd3 dxe5 19. Bxg6 Be6 20. Bf2 Qc7 21. O-O Qg7 22. Qh5 Bd6 23. b4 Rf8 24. Bg3 Bf7 25. Bxf7+ Rxf7 26. Rxf7 Qxf7 27. Qg4+ Kh7 28.
Rf1 Qe8 29. Rf6 Bc7 30. Qf5+ Kg7 31. Re6 Qf7 32. Bxe5+ 1-0

[Event "*** Titled Tuesday 3|2 Blitz"]
[Site "Chess.com"]
[Date "2015.05.05"]
[Round "7"]
[White "Azzaro25"]
[Black "esr44"]
[Result "1-0"]
[WhiteElo "2378"]
[BlackElo "2056"]
[TimeControl "180+2"]
[EndTime "12:31:24 PDT"]
[Termination "Azzaro25 won by resignation"]

1. e4 c6 2. Nc3 d5 3. Nf3 Bg4 4. h3 Bh5 5. exd5 cxd5 6. g4 Bg6 7. Bb5+ Nc6 8. Ne5 Rc8 9. d4 e6 10. h4 f6 11. Nxg6 hxg6 12. Be3 Bb4 13. h5 gxh5 14. gxh5 f5 15. Rg1 Kf8 16. a3 Bd6 17.
Qf3 Nf6 18. O-O-O Qa5 19. h6 gxh6 20. Rg6 Kf7 21. Rdg1 Rcg8 22. Rxg8 Rxg8 23. Rxg8 Kxg8 24.
Bxc6 bxc6 25. Bxh6 Kf7 26. Qh1 Bxa3 27. Bd2 Bb4 28. Kb1 Qb6 29. Qh4 Be7 30. Bg5 c5 31. Ne2 cxd4 32. Nxd4 a5 33. Nf3 Qd6 34. Bf4 Qb4 35.
Ne5+ Kg8 36. Qg5+ Kf8 37. Qh6+ Ke8 38. Qg6+ Kd8 39. Nc6+ Kd7 40. Nxb4 axb4 41. Bg5 Ne4 42. Bxe7 Kxe7 43. f3 Nd2+ 44. Kc1 Nxf3 45. Qg7+ Kd6 46. Qg3+ Ne5 47. c3 bxc3 48. bxc3 f4 49. Qxf4 Ke7 50. Qxe5 1-0

[Event "*** Titled Tuesday 3|2 Blitz"]
[Site "Chess.com"]
[Date "2015.05.05"]
[Round "7"]
[White "GeorgMeier"]
[Black "VSERGUEI"]
[Result "1-0"]
[WhiteElo "2725"]
[BlackElo "2461"]
[TimeControl "180+2"]
[EndTime "12:31:27 PDT"]
[Termination "GeorgMeier won on time"]

1. Nf3 d5 2. g3 c6 3. Bg2 Nf6 4.
O-O Bg4 5. c4 e6 6. cxd5 Bxf3 7.
Bxf3 cxd5 8. d4 Nc6 9. b3 Bd6 10. Bb2 O-O 11. e3 Rc8 12. Nc3 Qe7 13. a3 Na5 14.
Re1 a6 15. e4 dxe4 16. Nxe4 Nxe4 17. Bxe4 Rfd8 18. Qh5 g6 19. Qxa5 Bc7 20. Qd2 Bb6 21. Rad1 Rd7 22. Bf3 Rcd8 23. d5 Qc5 24. Rc1 Qa5 25.
b4 Qb5 26. Qc3 e5 27. Qxe5 f6 28. Qxf6 Bxf2+ 29. Kxf2 Qb6+ 30. Qxb6 Rd6 31. Qxb7 R6d7 32. Qc6 Rd6 33. Qc3 R6d7 34. Kg2 h5 35. Re6 Kh7 36.
Qf6 1-0

[Event "*** Titled Tuesday 3|2 Blitz"]
[Site "Chess.com"]
[Date "2015.05.05"]
[Round "7"]
[White "Malev212"]
[Black "AungTZ"]
[Result "1-0"]
[WhiteElo "2198"]
[BlackElo "2144"]
[TimeControl "180+2"]
[EndTime "12:31:33 PDT"]
[Termination "Malev212 won by resignation"]

1. d4 Nf6 2. Nf3 d5 3. c4 e6 4. Nc3 Be7 5. Bf4 c5 6. dxc5 Bxc5 7. e3 O-O 8. a3 Nc6 9. Qc2 d4 10. Rd1 e5 11. Bg5 h6 12. Bxf6 Qxf6 13. Nd5 Qd8 14. b4 Bb6 15. e4 f5 16. Bd3 f4 17. h3 Be6 18. c5 Bc7 19. Bc4 Bf7 20. O-O Ne7 21.
Nxe7+ Qxe7 22. Ne1 Kh8 23. f3 Bh5 24. Nd3 g5 25.
Bd5 Rab8 26. b5 Bg6 27. Qa4 h5 28. Qxa7 g4 29. b6 gxh3 30. bxc7 Rbc8 31. Qb6 Rf6 32. Qb2 Rxc7 33. gxh3 Bf7 34. Kh2 Rg6 35. Rg1 Rg3 36. Rxg3 fxg3+ 37. Kg2 Be8 38. Qd2 Kh7 39. Rb1 Bd7 40.
Rb6 Rc6 41. Bxc6 bxc6 42. Rb7 Bxh3+ 43. Kxh3 Qxb7 44. Qg5 Qb1 45. Qxh5+ Kg7 46. Qxe5+ Kh7 47. Nf4 Qg1 48. Qh5+ Kg7 49. Qg4+ Kf6 50. Qxg3 Qh1+ 51. Kg4 Qh8 52. Nh5+ Ke6 53. Qd6+ Kf7 54. Qd7+ Kg6 55. Qf5+ Kh6 56. Qg5+ Kh7 57. Nf6+ Qxf6 58. Qxf6 1-0

[Event "*** Titled Tuesday 3|2 Blitz"]
[Site "Chess.com"]
[Date "2015.05.05"]
[Round "7"]
[White "Konavets"]
[Black "Daniel_Fridman"]
[Result "1-0"]
[WhiteElo "2450"]
[BlackElo "2599"]
[TimeControl "180+2"]
[EndTime "12:31:39 PDT"]
[Termination "Konavets won by resignation"]

1. e4 Nf6 2. e5 Nd5 3. d4 d6 4.
Nf3 dxe5 5. Nxe5 Nd7 6. Nxf7 Kxf7 7. Qh5+ Ke6 8. g3 b5 9. a4 c6 10. axb5 cxb5 11. Nc3 N7f6 12. Bh3+ Kd6 13. Qe5+ Kc6 14. Bg2 e6 15. O-O b4 16. Ne4 Bd6 17. Nxd6 Qxd6 18. c4 bxc3 19. bxc3 Kd7 20. c4 Bb7 21. Ba3 Qxe5 22.
dxe5 Ng4 23. cxd5 Bxd5 24. Rad1 Nxe5 25. Rfe1 Nc6 26. Bxd5 exd5 27. Rxd5+ Kc7 28. Rc1 Rac8 29. Bb2 Rhg8 30. Be5+ Kb7 31. Rd7+ Kb6 32. Bxg7 a5 33. Rb1+ Kc5 34. Bh6 Rgd8 35. Be3+ Kc4 36. Rc1+ Kb5 37.
Rb7+ 1-0

[Event "*** Titled Tuesday 3|2 Blitz"]
[Site "Chess.com"]
[Date "2015.05.05"]
[Round "7"]
[White "bugsbunny444"]
[Black "Zvonokchess"]
[Result "0-1"]
[WhiteElo "2301"]
[BlackElo "2497"]
[TimeControl "180+2"]
[EndTime "12:31:45 PDT"]
[Termination "Zvonokchess won by checkmate"]

1. Nf3 c5 2. c4 g6 3. d4 cxd4 4.
Nxd4 Nf6 5. Nc3 d5 6. cxd5 Nxd5 7.
Bd2 Bg7 8. e4 Nxc3 9. Bxc3 O-O 10. Bb5 Qb6 11. Qa4 a6 12. Be2 Bd7 13. Qc4 Nc6 14. Nxc6 Bxc3+ 15. Qxc3 Bxc6 16. Bf3 Rac8 17. Qb3 Bb5 18. Be2 Qa5+ 19. Kf1 Qd2 20. Bxb5 Rc1+ 21. Rxc1 Qxc1+ 22. Ke2 Qxh1 23. Bd3 Qxg2 24. Qxb7 Qg4+ 25. f3 Qg2+ 26. Ke3 Rd8 27. Qxe7 Qg1+ 28. Ke2 Qxh2+ 29. Ke3 Qg1+ 30. Ke2 Qd4 31. Qa3 h5 32. Qxa6 Qxb2+ 33. Ke3 Qd4+ 34. Ke2 h4 35. Bc4 Qb2+ 36. Ke3 Qd2# 0-1

[Event "*** Titled Tuesday 3|2 Blitz"]
[Site "Chess.com"]
[Date "2015.05.05"]
[Round "7"]
[White "GregShahade"]
[Black "IMRosen"]
[Result "1-0"]
[WhiteElo "2443"]
[BlackElo "2210"]
[TimeControl "180+2"]
[EndTime "12:31:50 PDT"]
[Termination "GregShahade won on time"]

1. e4 e5 2. Nf3 Nc6 3. Bb5 a6 4.
Ba4 Nf6 5. O-O Be7 6. Re1 b5 7.
Bb3 O-O 8. a4 b4 9. d3 d6 10. Nbd2 Rb8 11. h3 Re8 12. Nc4 h6 13. Be3 Bf8 14. Qd2 Be6 15. a5 Nh5 16. Ba4 Bd7 17.
c3 bxc3 18. bxc3 Ne7 19. Qa2 Ng6 20. Reb1 Bxa4 21. Qxa4 Ngf4 22. Qc2 Re6 23. Rxb8 Qxb8 24. Rb1 Qc8 25. Nh4 Kh7 26. d4 Be7 27. Nf5 Rg6 28.
Bxf4 Nxf4 29. Nce3 Bf6 30. Kf1 Qe8 31. d5 c6 32. c4 cxd5 33. cxd5 Qd8 34. Rb6 Qa8 35. Qc6 Qh8 36. Rxa6 h5 37. Ra8 Bd8 38. Qd7 1-0

[Event "*** Titled Tuesday 3|2 Blitz"]
[Site "Chess.com"]
[Date "2015.05.05"]
[Round "7"]
[White "facu57"]
[Black "dabee"]
[Result "1-0"]
[WhiteElo "2199"]
[BlackElo "2355"]
[TimeControl "180+2"]
[EndTime "12:32:01 PDT"]
[Termination "facu57 won by resignation"]

1. e4 c5 2. Nc3 Nc6 3. g3 e6 4. Bg2 g6 5. f4 Bg7 6. Nf3 Nge7 7.
d3 d5 8. e5 O-O 9. O-O a6 10.
Ne2 f6 11. exf6 Bxf6 12. c3 Qd6 13. Be3 Bd7 14. d4 b6 15. g4 Na5 16. Ne5 Bb5 17.
b3 Rac8 18. Rc1 cxd4 19. cxd4 Qa3 20. Qd2 Nac6 21. Nd7 Rf7 22. Rfd1 Bg7 23. Nxb6 Rd8 24. Nc3 Qb4 25. Nba4 Bxa4 26. Nxa4 Qxd2 27. Rxd2 Bh6 28.
Nc5 e5 29. dxe5 Nxe5 30. h3 d4 31. Rxd4 Rxd4 32. Bxd4 Bxf4 33. Re1 N7c6 34. Bxe5 Bxe5 35. Bxc6 Bd4+ 36. Kh1 Bxc5 37. Bd5 1-0

[Event "*** Titled Tuesday 3|2 Blitz"]
[Site "Chess.com"]
[Date "2015.05.05"]
[Round "7"]
[White "hellokostya"]
[Black "Nouki"]
[Result "0-1"]
[WhiteElo "2281"]
[BlackElo "2593"]
[TimeControl "180+2"]
[EndTime "12:32:02 PDT"]
[Termination "Nouki won on time"]

1. d4 d5 2. c4 c6 3. Nf3 Nf6 4. e3 Bf5 5. Nc3 e6 6. Nh4 Be4 7. f3 Bg6 8. Qb3 b5 9. cxb5 c5 10. Bd2 Nbd7 11. Be2 Bd6 12. O-O-O c4 13. Qa4 Nb6 14. Qa5 O-O 15. Nxg6 hxg6 16. e4 Be7 17. Bf4 Qc8 18. h4 Qb7 19. g4 a6 20. h5 dxe4 21.
fxe4 Nxe4 22. Bf3 axb5 23. Nxe4 Nd5 24. Qd2 Rxa2 25. Qc2 Ra1+ 26. Kd2 Bb4+ 27. Nc3 Qb6 28. Qe4 Ra2 29. hxg6 Rxb2+ 30. Kc1 Nxc3 31. gxf7+ Kxf7 32.
Qe5 Ba3 33. Qh5+ Ke7 34. Qg5+ Ke8 35. Qg6+ Kd8 36. Bg5+ Kc8 37. Bb7+ Kxb7 38. Qxg7+ Ka6 0-1

[Event "*** Titled Tuesday 3|2 Blitz"]
[Site "Chess.com"]
[Date "2015.05.05"]
[Round "7"]
[White "MinhGTrAn"]
[Black "Lupul_Cenusiu"]
[Result "1-0"]
[WhiteElo "2502"]
[BlackElo "2318"]
[TimeControl "180+2"]
[EndTime "12:32:13 PDT"]
[Termination "MinhGTrAn won by resignation"]

1. Nf3 Nf6 2. b3 d6 3. Bb2 Nbd7 4. e3 g6 5. d4 Bg7 6. Be2 O-O 7. O-O c6 8. c4 Re8 9. Nbd2 d5 10. b4 e6 11. b5 cxb5 12. cxd5 Nxd5 13. Bxb5 a6 14. Be2 N7b6 15. a4 Bd7 16. a5 Nc8 17. Qb3 Bc6 18.
Rfc1 Nd6 19. Nc4 Nxc4 20. Bxc4 Rb8 21. Qd1 Qd7 22. Ne5 Bxe5 23. dxe5 Rbd8 24. Bd4 Rc8 25.
Qg4 Bb5 26. Bxd5 Qxd5 27. h4 h5 28. Qf4 Rc4 29. Qf6 Rec8 30. Rxc4 Rxc4 31. Kh2 Bc6 32. f3 Rc2 33. Kg3 Bb5 34. Rd1 Be2 35. Rb1 Bb5 36. Rd1 Be2 37. Re1 Bd3 38. Qg5 Kh7 39.
Bb6 Bb5 40. Bd4 Kg8 41. Rd1 Bc6 42. e4 Qd7 43. Qf6 Rc4 44. Be3 Qxd1 45. Bh6 Qe1+ 46. Kh2 Qxh4+ 47. Qxh4 Kh7 48. Bf8 Kg8 49. Qd8 Kh7 50.
Qf6 1-0

[Event "*** Titled Tuesday 3|2 Blitz"]
[Site "Chess.com"]
[Date "2015.05.05"]
[Round "7"]
[White "ChessTrener"]
[Black "Shankland"]
[Result "1/2-1/2"]
[WhiteElo "2527"]
[BlackElo "2538"]
[TimeControl "180+2"]
[EndTime "12:32:18 PDT"]
[Termination "Game drawn by agreement"]

1. d4 Nf6 2. Nf3 g6 3. Bg5 Bg7 4.
Nbd2 O-O 5. c3 d5 6. e3 Nbd7 7. Be2 Re8 8. c4 dxc4 9. Bxc4 h6 10. Qb3 e6 11. Bxf6 Qxf6 12. O-O Qe7 13. Rfc1 c5 14. Bb5 cxd4 15. exd4 a6 16. Bxd7 Qxd7 17. Nc4 Rb8 18. Qb4 b5 19. Nce5 Qb7 20. Qa5 Qe4 21. Nxf7 Bb7 22. Nd6 Qf4 23. Qc7 Bxf3 24. Nxe8 Qxc7 25.
Rxc7 Bxd4 26. gxf3 Rxe8 27. Rac1 Bxb2 28. R1c6 a5 29. Ra7 a4 30. Rb7 a3 31. Rxb5 Kf7 32. Kg2 Kf6 33. f4 h5 34. Kf3 Rd8 35. Rbb6 Re8 36.
Ke4 Re7 37. h3 Re8 38. f3 Re7 39. Ra6 Re8 40. Rcb6 Re7 41. Ra8 Rc7 42. Re8 Rc4+ 43. Kd3 Rc3+ 44. Ke2 Rc2+ 45. Kd1 Rh2 46. Rexe6+ Kf5 47.
Rxg6 Kxf4 48. Rb4+ Kxf3 49. Rh4 Bc3 1/2-1/2

[Event "*** Titled Tuesday 3|2 Blitz"]
[Site "Chess.com"]
[Date "2015.05.05"]
[Round "7"]
[White "iFrancisco"]
[Black "NguyenDucHoa"]
[Result "1-0"]
[WhiteElo "2305"]
[BlackElo "2373"]
[TimeControl "180+2"]
[EndTime "12:32:46 PDT"]
[Termination "iFrancisco won by resignation"]

1. e4 c5 2. Nf3 Nc6 3. d4 cxd4 4. Nxd4 Qb6 5. Nb3 Nf6 6. Nc3 e6 7. Bd3 Bb4 8. O-O Bxc3 9. bxc3 d6 10. Bg5 h6 11. Bh4 g5 12. Bg3 e5 13. Rb1 Qc7 14. c4 Nd8 15. Qf3 Ke7 16. Qe3 Ne6 17. f3 b6 18. Bf2 h5 19. h4 g4 20. Bg3 Nd7 21. fxg4 hxg4 22. Be2 Rg8 23. Rf2 Bb7 24. Rbf1 f6 25. h5 Ng5 26. Nd2 Qc5 27. Qxc5 dxc5 28. Bxg4 Nxe4 29. Nxe4 Rxg4 30. Nxf6 Rxg3 31. Nxd7 Rag8 32.
Rf7+ Kd8 33. Kf2 Rxg2+ 34. Ke1 Rxc2 35. Nxe5 Re8 36. Kd1 Rxa2 37. Rd7+ Kc8 38. Rff7 Rd8 39. Rxd8+ Kxd8 40. Rxb7 Rh2 41. Rh7 a5 42. h6 a4 43.
Ng4 Rh4 44. Rg7 a3 45. Kc2 Ke8 46. h7 Kf8 47. Rg8+ Kf7 48. h8=Q 1-0

[Event "*** Titled Tuesday 3|2 Blitz"]
[Site "Chess.com"]
[Date "2015.05.05"]
[Round "7"]
[White "Tirantes"]
[Black "goldaxe"]
[Result "0-1"]
[WhiteElo "2109"]
[BlackElo "2175"]
[TimeControl "180+2"]
[EndTime "12:32:53 PDT"]
[Termination "goldaxe won by resignation"]

1. c4 Nf6 2. Nc3 c5 3. Nf3 Nc6 4. g3 e6 5. Bg2 Be7 6. O-O O-O 7. d4 cxd4 8. Nxd4 a6 9. b3 Qc7 10. Bb2 b6 11. Rc1 Bb7 12. Nd5 exd5 13. cxd5 Rad8 14. Qc2 Nxd5 15. Bxd5 Bf6 16. Rfd1 Qb8 17. Nf5 Nb4 18.
Qb1 Nxd5 19. Rxd5 Bxd5 20. Bxf6 gxf6 21. Ne7+ Kh8 22. Nxd5 Qe5 23. Rd1 b5 24. Qd3 Rfe8 25.
Qf3 Re6 26. e3 Rc8 27. Rd4 Rc5 28. Nf4 Rd6 29. Re4 Qf5 30. Re8+ Kg7 31. g4 Qb1+ 32. Kg2 Qxa2 33. Qh3 Qxb3 34. Nh5+ Rxh5 35. Qxh5 Qd5+ 36. Qxd5 Rxd5 37. Ra8 Rd6 38. Kf3 Rb6 39. Ke4 b4 40. Rc8 b3 41. Rc1 b2 42. Rb1 a5 43.
Kd4 a4 44. Kc5 Rb8 45. Kc4 a3 46. Kc3 a2 47. Kc2 a1=Q 48. Rxa1 bxa1=Q 49. f4 Qa3 0-1

[Event "*** Titled Tuesday 3|2 Blitz"]
[Site "Chess.com"]
[Date "2015.05.05"]
[Round "7"]
[White "megarompa"]
[Black "MITerryble"]
[Result "1-0"]
[WhiteElo "2670"]
[BlackElo "2519"]
[TimeControl "180+2"]
[EndTime "12:32:58 PDT"]
[Termination "megarompa won on time"]

1. d4 e6 2. Nf3 Nf6 3. Bg5 h6 4. Bxf6 Qxf6 5. e4 b6 6. Bd3 Bb7 7. O-O g5 8. Nbd2 Qe7 9. c3 Bg7 10. a4 a5 11. e5 d6 12. exd6 cxd6 13. Bb5+ Kf8 14. h3 h5 15. Nh2 Nd7 16. Re1 Nf6 17.
Nhf1 Qc7 18. Ne3 Bh6 19. Qe2 Rb8 20. Rad1 Rg8 21. d5 g4 22. hxg4 hxg4 23. dxe6 fxe6 24. Nef1 e5 25. Qd3 Rd8 26. Ng3 Bf4 27. Nc4 Rh8 28. Nxe5 Bxe5 29. Rxe5 dxe5 30. Qxd8+ Qxd8 31. Rxd8+ Kg7 32.
Nf5+ Kh7 33. Rd6 Kg6 34. Ne7+ Kg5 35. Rxb6 Be4 36. Re6 g3 37. f3 Bc2 38. Rxe5+ Kf4 39.
Re2 Bb1 40. Bc6 Rh7 41. b4 Bd3 42. Re1 Nh5 43. b5 Kg5 44. Nd5 Rh6 45. Re5+ Kh4 46.
b6 Ba6 47. Ne7 1-0

[Event "*** Titled Tuesday 3|2 Blitz"]
[Site "Chess.com"]
[Date "2015.05.05"]
[Round "7"]
[White "vovkcoach"]
[Black "jefferyx"]
[Result "0-1"]
[WhiteElo "2423"]
[BlackElo "2371"]
[TimeControl "180+2"]
[EndTime "12:33:09 PDT"]
[Termination "jefferyx won by resignation"]

1. d4 b5 2. e4 a6 3. Bd3 Bb7 4. Nf3 e6 5. O-O Nf6 6. Qe2 d5 7. e5 Nfd7 8. Ng5 Qe7 9. f4 c5 10.
c3 Nc6 11. Be3 h6 12. Qh5 Nd8 13. Nd2 Rg8 14. Nxf7 Nxf7 15. Bg6 cxd4 16. cxd4 Nf6 17. exf6 gxf6 18. f5 e5 19. dxe5 fxe5 20. Nf3 d4 21. Bxd4 O-O-O 22. Rac1+ Kb8 23. Bb6 e4 24. Bxd8 Nxd8 25.
f6 Qxf6 26. Ne5 Qb6+ 27. Kh1 Ka7 28. Qe2 e3 29. Rxf8 Rxf8 30. Nd7 Qxg6 31. Nxf8 Qe4 32. Nd7 Ne6 33. Re1 Ka8 34. Nf6 Qg6 35. Rf1 Nd4 36.
Qg4 e2 37. Rc1 Qxf6 38. Kg1 Qe5 39. Qg3 Qxg3 40. hxg3 Nc2 41. Kf2 e1=Q+ 42. Rxe1 Nxe1 43. Kxe1 Bxg2 44. Kf2 Bd5 45. a3 Kb7 46. Ke3 h5 47.
Kf4 Kc6 48. g4 hxg4 49. Kxg4 Kc5 50. Kf4 Kc4 51. Ke5 Bf3 52. Kd6 Kb3 53. Kc5 Kxb2 54. Kb4 Bd1 55. a4 bxa4 0-1

[Event "*** Titled Tuesday 3|2 Blitz"]
[Site "Chess.com"]
[Date "2015.05.05"]
[Round "7"]
[White "WanderingPuppet"]
[Black "PowerThinking2650"]
[Result "0-1"]
[WhiteElo "2080"]
[BlackElo "2076"]
[TimeControl "180+2"]
[EndTime "12:33:43 PDT"]
[Termination "PowerThinking2650 won by resignation"]

1. e4 e5 2. Nf3 Nc6 3. Bb5 a6 4. Ba4 Nf6 5. O-O b5 6. Bb3 Be7 7. Re1 d6 8. c3 O-O 9. h3 Bb7 10. d4 Re8 11. Ng5 Rf8 12. a3 h6 13. Nf3 Re8 14. Nh4 Bf8 15. Ng6 d5 16. Nxf8 Kxf8 17.
exd5 Nxd5 18. Qh5 Qd7 19. Bxh6 gxh6 20. Qxh6+ Ke7 21. Qg5+ Kd6 22. Nd2 Na5 23. dxe5+ Kc6 24. Bc2 Rg8 25. Qh6+ Qe6 26. Qh4 Kb6 27. Nf3 c5 28. b4 Nc6 29. bxc5+ Kxc5 30. Nd4 Nxd4 31. Qxd4+ Kc6 32. Be4 Kc7 33. c4 Nf4 34. Bxb7 Nxh3+ 35. Kf1 Kxb7 36. Qe4+ Kc7 37. gxh3 Qxh3+ 38. Ke2 Rad8 39.
Red1 Qh5+ 40. Ke3 Qh6+ 41. Qf4 Qxf4+ 42. Kxf4 bxc4 43. Rxd8 Rxd8 44. Ke4 Kc6 45. f4 Kc5 46. f5 c3 47. e6 fxe6 48. fxe6 Kc4 49. Kf5 c2 50. e7 Rb8 51. Ke6 Kc3 52. Kd7 Kb2 53. Rg1 c1=Q 54. Rxc1 Kxc1 55. e8=Q Rxe8 56. Kxe8 Kb2 57.
a4 Kb3 58. a5 Kb4 59. Kd7 Kxa5 60. Kd6 Kb4 61. Kd5 a5 62. Kd4 a4 63. Kd3 Kb3 0-1